[ AOE2 MATCH · #479218033 ]
UnrankedSicilians vs Bohemians
[ REPLAY ANALYSIS · EXTRACTED FROM THE RECORDED GAME ]
Feudal
—
Castle
—
Imperial
—
| APM avg | 26.1 |
| APM peak | 216 |
| eAPM avg | 21.7 |
| Villagers / military | 230 / 1246 |
Focus
⚔️ 68.8% · 🌾 31.2%
Spearman ×644 · Serjeant ×200 · Mangonel ×177 · Scout Cavalry ×116 · Knight ×109 · Trade Cart ×47
Feudal
7:15
Castle
23:36
Imperial
40:21
| APM avg | 14.2 |
| APM peak | 72 |
| eAPM avg | 13.6 |
| Villagers / military | 144 / 994 |
Focus
⚔️ 67.0% · 🌾 33.0%
Spearman ×363 · Hussite Wagon ×218 · Hand Cannoneer ×153 · Militia ×90 · Bombard Cannon ×65 · Knight ×58
Feudal
8:21
Castle
22:04
Imperial
31:57
| APM avg | 24.0 |
| APM peak | 142 |
| eAPM avg | 23.1 |
| Villagers / military | 121 / 1936 |
Focus
⚔️ 71.4% · 🌾 28.6%
War Wagon ×522 · Knight ×503 · Skirmisher ×431 · Spearman ×222 · Hand Cannoneer ×143 · Trade Cart ×50
Feudal
9:19
Castle
13:15
Imperial
36:27
| APM avg | 29.5 |
| APM peak | 604 |
| eAPM avg | 28.2 |
| Villagers / military | 340 / 855 |
Focus
⚔️ 45.5% · 🌾 54.5%
Battle Elephant ×502 · Scorpion ×251 · Trade Cart ×114 · Battering Ram ×77 · Trebuchet (Packed) ×14 · Mangonel ×11
Feudal
—
Castle
—
Imperial
—
| APM avg | 5.5 |
| APM peak | 46 |
| eAPM avg | 5.0 |
| Villagers / military | 145 / 46 |
Focus
⚔️ 14.9% · 🌾 85.1%
Scorpion ×36 · Trade Cart ×34 · Spearman ×6 · Monk ×2 · Cataphract ×2
Feudal
9:05
Castle
13:05
Imperial
28:48
| APM avg | 23.8 |
| APM peak | 102 |
| eAPM avg | 18.5 |
| Villagers / military | 144 / 1448 |
Focus
⚔️ 70.3% · 🌾 29.7%
Keshik ×1157 · Skirmisher ×242 · Scout Cavalry ×33 · Trebuchet (Packed) ×7 · Cavalry Archer ×5 · Monk ×2
Feudal
10:25
Castle
28:25
Imperial
38:47
| APM avg | 2.6 |
| APM peak | 22 |
| eAPM avg | 2.1 |
| Villagers / military | 97 / 14 |
Focus
⚔️ 17.5% · 🌾 82.5%
Trade Cart ×13 · Hussite Wagon ×6 · Hand Cannoneer ×5 · Knight ×2 · Monk ×1
Feudal
8:48
Castle
12:35
Imperial
29:00
| APM avg | 17.1 |
| APM peak | 76 |
| eAPM avg | 10.8 |
| Villagers / military | 251 / 476 |
Focus
⚔️ 29.8% · 🌾 70.2%
Spearman ×390 · Unknown (2550) ×205 · Mangonel ×68 · Trade Cart ×66 · Battering Ram ×8 · Trebuchet (Packed) ×8
Match map
Initial resources + every placement click. Lines = walls · curves = elevation contours. ◆ gold · ⬟ stone · ● berries · ✦ relic · ◌ wall gap
Your base· ✓ Map-separated
ReDrUm87's base· ✓ Map-separated
hombremanosdecachorro's base· ✓ Map-separated
SandyRS's base· ✓ Map-separated
SummerREN84's base· ✓ Map-separated
Charro chino's base· ✓ Map-separated
Negrosaurio's base· ✓ Map-separated
Dennis "Cutty" Wise's base· ✓ Map-separated
Smoothed initial terrain · ◌ = detected wall gap · hover for details
Inputs per minute
— SHADY5094 - - ReDrUm87
Build order — SHADY5094
First 150 of 1926 actions detected
| 0:16 | Create | Villager (Male) |
| 0:16 | Create | Villager (Male) |
| 0:16 | Create | Villager (Male) |
| 0:17 | Create | Villager (Male) |
| 0:17 | Create | Villager (Male) |
| 0:17 | Create | Villager (Male) |
| 0:34 | Build | House |
| 0:36 | Build | House |
| 0:37 | Build | House |
| 0:39 | Build | House |
| 0:40 | Build | House |
| 0:46 | Build | House |
| 0:49 | Build | House |
| 0:53 | Build | House |
| 1:35 | Create | Villager (Male) |
| 1:36 | Create | Villager (Male) |
| 2:31 | Create | Villager (Male) |
| 2:31 | Create | Villager (Male) |
| 2:54 | Create | Villager (Male) |
| 3:33 | Build | Mining Camp |
| 3:46 | Create | Villager (Male) |
| 4:06 | Create | Villager (Male) |
| 4:17 | Create | Villager (Male) |
| 5:23 | Create | Villager (Male) |
| 5:34 | Build | Mill |
| 5:39 | Create | Villager (Male) |
| 6:07 | Build | Lumber Camp |
| 6:10 | Create | Villager (Male) |
| 7:19 | Create | Villager (Male) |
| 7:41 | Create | Villager (Male) |
| 8:12 | Create | Villager (Male) |
| 8:21 | Research | Feudal Age |
| 8:46 | Build | Mining Camp |
| 9:54 | Create | Villager (Male) |
| 9:54 | Create | Villager (Male) |
| 9:55 | Create | Villager (Male) |
| 9:55 | Create | Villager (Male) |
| 9:56 | Create | Villager (Male) |
| 9:56 | Create | Villager (Male) |
| 10:13 | Build | Farm |
| 10:14 | Build | Farm |
| 10:16 | Build | Farm |
| 10:18 | Build | Farm |
| 10:19 | Build | Farm |
| 10:21 | Build | Farm |
| 10:26 | Build | Farm |
| 10:28 | Build | Farm |
| 10:30 | Build | Farm |
| 10:31 | Build | Farm |
| 10:45 | Research | Horse Collar |
| 10:50 | Research | Double-Bit Axe |
| 11:04 | Create | Villager (Male) |
| 11:36 | Research | Gold Mining |
| 12:09 | Build | Market |
| 12:18 | Research | Loom |
| 12:24 | Create | Villager (Male) |
| 12:24 | Create | Villager (Male) |
| 12:24 | Create | Villager (Male) |
| 13:35 | Create | Villager (Male) |
| 13:35 | Create | Villager (Male) |
| 13:47 | Build | Blacksmith |
| 14:08 | Create | Villager (Male) |
| 14:15 | Research | Stone Mining |
| 14:23 | Create | Villager (Male) |
| 14:51 | Build | Market |
| 15:48 | Create | Villager (Male) |
| 16:27 | Build | Farm |
| 16:29 | Build | Farm |
| 16:33 | Build | Farm |
| 16:36 | Build | Farm |
| 16:38 | Build | Farm |
| 16:40 | Build | Farm |
| 16:45 | Create | Villager (Male) |
| 16:52 | Create | Villager (Male) |
| 16:59 | Research | Castle Age |
| 17:05 | Create | Villager (Male) |
| 17:05 | Create | Villager (Male) |
| 17:05 | Create | Villager (Male) |
| 18:07 | Build | Stone Wall |
| 18:29 | Build | Stone Wall |
| 18:45 | Create | Villager (Male) |
| 19:19 | Create | Villager (Male) |
| 19:39 | Build | Gate |
| 19:59 | Build | Town Center |
| 20:14 | Build | Town Center |
| 20:40 | Build | Town Center |
| 21:05 | Build | Town Center |
| 21:16 | Research | Bow Saw |
| 21:42 | Create | Villager (Male) |
| 21:43 | Create | Villager (Male) |
| 21:43 | Create | Villager (Male) |
| 21:43 | Create | Villager (Male) |
| 21:56 | Create | Villager (Male) |
| 21:56 | Create | Villager (Male) |
| 21:57 | Create | Villager (Male) |
| 21:57 | Create | Villager (Male) |
| 21:57 | Create | Villager (Male) |
| 21:58 | Create | Villager (Male) |
| 21:58 | Create | Villager (Male) |
| 22:34 | Build | Town Center |
| 22:50 | Build | Stone Wall |
| 23:09 | Create | Villager (Male) |
| 23:10 | Create | Villager (Male) |
| 23:10 | Create | Villager (Male) |
| 23:10 | Create | Villager (Male) |
| 23:10 | Create | Villager (Male) |
| 23:11 | Create | Villager (Male) |
| 23:11 | Create | Villager (Male) |
| 23:11 | Create | Villager (Male) |
| 23:11 | Create | Villager (Male) |
| 23:12 | Create | Villager (Male) |
| 23:12 | Create | Villager (Male) |
| 23:12 | Create | Villager (Male) |
| 23:12 | Create | Villager (Male) |
| 23:13 | Create | Villager (Male) |
| 23:13 | Create | Villager (Male) |
| 23:13 | Create | Villager (Male) |
| 23:13 | Create | Villager (Male) |
| 23:14 | Create | Villager (Male) |
| 23:14 | Create | Villager (Male) |
| 23:57 | Build | Town Center |
| 24:12 | Create | Villager (Male) |
| 24:12 | Create | Villager (Male) |
| 24:13 | Create | Villager (Male) |
| 24:13 | Create | Villager (Male) |
| 24:15 | Create | Villager (Male) |
| 24:35 | Create | Villager (Male) |
| 24:35 | Create | Villager (Male) |
| 24:35 | Create | Villager (Male) |
| 25:15 | Build | Gate |
| 25:30 | Create | Villager (Male) |
| 25:30 | Create | Villager (Male) |
| 25:30 | Create | Villager (Male) |
| 25:47 | Build | Monastery |
| 25:52 | Build | University |
| 25:57 | Build | Mining Camp |
| 26:08 | Research | Fletching |
| 26:09 | Research | Padded Archer Armor |
| 26:19 | Create | Villager (Male) |
| 26:20 | Create | Villager (Male) |
| 26:20 | Create | Villager (Male) |
| 26:20 | Create | Villager (Male) |
| 26:21 | Create | Villager (Male) |
| 26:31 | Build | House |
| 26:32 | Build | House |
| 26:34 | Build | House |
| 26:36 | Build | House |
| 26:37 | Build | House |
| 26:40 | Build | House |
| 26:41 | Build | House |
Build order — ReDrUm87
First 150 of 1566 actions detected
| 0:12 | Build | House |
| 0:20 | Build | Mill |
| 0:28 | Build | House |
| 0:38 | Create | Villager (Male) |
| 0:38 | Create | Villager (Male) |
| 0:38 | Create | Villager (Male) |
| 0:39 | Create | Villager (Male) |
| 0:41 | Research | Loom |
| 1:43 | Create | Villager (Male) |
| 1:44 | Create | Villager (Male) |
| 3:16 | Create | Villager (Male) |
| 3:18 | Create | Villager (Male) |
| 4:10 | Build | Lumber Camp |
| 5:05 | Research | Feudal Age |
| 5:35 | Create | Villager (Male) |
| 5:36 | Create | Villager (Male) |
| 5:36 | Create | Villager (Male) |
| 7:15 | Age | Feudal Age |
| 7:19 | Research | Wheelbarrow |
| 7:20 | Research | Town Watch |
| 7:32 | Build | Blacksmith |
| 7:49 | Build | Market |
| 7:53 | Build | Market |
| 8:09 | Build | House |
| 8:14 | Build | House |
| 8:16 | Build | House |
| 8:42 | Build | Farm |
| 8:44 | Build | Farm |
| 8:47 | Build | Farm |
| 8:49 | Build | Farm |
| 9:21 | Build | Farm |
| 9:26 | Research | Double-Bit Axe |
| 9:32 | Create | Villager (Male) |
| 9:32 | Create | Villager (Male) |
| 9:50 | Build | Mining Camp |
| 10:47 | Create | Villager (Male) |
| 10:54 | Create | Villager (Male) |
| 11:13 | Create | Villager (Male) |
| 11:13 | Create | Villager (Male) |
| 11:59 | Build | Farm |
| 12:04 | Build | Farm |
| 12:09 | Create | Villager (Male) |
| 12:29 | Research | Horse Collar |
| 12:50 | Build | Farm |
| 12:55 | Build | Farm |
| 13:00 | Create | Villager (Male) |
| 13:19 | Build | House |
| 13:22 | Build | House |
| 13:24 | Build | House |
| 13:27 | Build | House |
| 13:29 | Build | House |
| 13:31 | Build | House |
| 13:33 | Build | House |
| 13:35 | Build | House |
| 13:39 | Build | House |
| 13:50 | Build | House |
| 14:03 | Build | House |
| 14:05 | Build | House |
| 14:07 | Build | House |
| 14:09 | Build | House |
| 14:10 | Build | House |
| 14:13 | Build | House |
| 14:15 | Build | House |
| 14:17 | Build | House |
| 14:20 | Build | House |
| 14:21 | Build | House |
| 14:23 | Build | House |
| 14:27 | Build | House |
| 14:29 | Build | House |
| 14:31 | Build | House |
| 14:32 | Build | House |
| 14:34 | Build | House |
| 14:37 | Build | House |
| 14:40 | Build | House |
| 14:44 | Build | House |
| 14:45 | Build | House |
| 14:48 | Build | House |
| 14:53 | Build | House |
| 14:55 | Build | House |
| 14:57 | Build | House |
| 14:59 | Build | House |
| 15:01 | Build | House |
| 15:04 | Build | House |
| 15:10 | Build | House |
| 15:11 | Build | House |
| 15:12 | Build | House |
| 15:14 | Build | House |
| 15:28 | Create | Villager (Male) |
| 15:28 | Create | Villager (Male) |
| 15:29 | Create | Villager (Male) |
| 15:29 | Create | Villager (Male) |
| 15:29 | Create | Villager (Male) |
| 15:29 | Create | Villager (Male) |
| 15:30 | Create | Villager (Male) |
| 15:30 | Create | Villager (Male) |
| 15:31 | Create | Villager (Male) |
| 15:39 | Build | Farm |
| 15:48 | Build | Farm |
| 16:08 | Build | Mining Camp |
| 16:17 | Research | Forging |
| 16:30 | Build | Barracks |
| 16:44 | Create | Villager (Male) |
| 16:45 | Create | Villager (Male) |
| 16:51 | Build | Farm |
| 17:14 | Build | Farm |
| 17:39 | Build | Farm |
| 18:05 | Build | Farm |
| 18:14 | Build | Archery Range |
| 18:22 | Build | Stable |
| 18:26 | Research | Man-at-Arms (upgrade) |
| 18:28 | Research | Arson |
| 18:29 | Create | Spearman |
| 18:29 | Create | Spearman |
| 18:30 | Create | Spearman |
| 18:30 | Create | Spearman |
| 18:31 | Create | Spearman |
| 18:31 | Create | Spearman |
| 18:37 | Build | Farm |
| 18:53 | Build | Farm |
| 19:05 | Create | Trade Cart |
| 19:35 | Create | Villager (Male) |
| 19:35 | Create | Villager (Male) |
| 19:35 | Create | Villager (Male) |
| 19:36 | Create | Villager (Male) |
| 19:36 | Create | Villager (Male) |
| 19:49 | Build | Lumber Camp |
| 20:01 | Build | Lumber Camp |
| 20:10 | Build | Farm |
| 20:19 | Build | Farm |
| 20:44 | Build | Watch Tower |
| 20:51 | Research | Castle Age |
| 21:21 | Create | Villager (Male) |
| 21:22 | Create | Villager (Male) |
| 21:22 | Create | Villager (Male) |
| 21:22 | Create | Villager (Male) |
| 21:23 | Create | Villager (Male) |
| 21:52 | Create | Trade Cart |
| 21:52 | Create | Trade Cart |
| 21:52 | Create | Trade Cart |
| 22:16 | Create | Skirmisher |
| 22:16 | Create | Skirmisher |
| 22:16 | Create | Skirmisher |
| 22:19 | Create | Archer |
| 22:19 | Create | Archer |
| 22:23 | Create | Scout Cavalry |
| 22:23 | Create | Scout Cavalry |
| 22:30 | Build | Farm |
| 22:48 | Research | Scale Barding Armor |
| 23:31 | Create | Villager (Male) |
| 23:31 | Create | Villager (Male) |
Build order — hombremanosdecachorro
First 150 of 2531 actions detected
| 0:32 | Create | Villager (Male) |
| 1:00 | Create | Villager (Male) |
| 1:26 | Create | Villager (Male) |
| 1:53 | Create | Villager (Male) |
| 2:06 | Build | House |
| 2:07 | Build | House |
| 2:08 | Build | House |
| 2:20 | Create | Villager (Male) |
| 2:36 | Create | Villager (Male) |
| 2:45 | Build | Mill |
| 3:14 | Create | Villager (Male) |
| 3:40 | Create | Villager (Male) |
| 3:50 | Research | Loom |
| 4:49 | Create | Villager (Male) |
| 5:32 | Build | Lumber Camp |
| 5:46 | Create | Villager (Male) |
| 6:11 | Research | Feudal Age |
| 8:21 | Age | Feudal Age |
| 8:34 | Research | Wheelbarrow |
| 8:35 | Research | Town Watch |
| 8:43 | Research | Horse Collar |
| 8:48 | Research | Double-Bit Axe |
| 9:23 | Build | Mining Camp |
| 10:20 | Research | Gold Mining |
| 10:21 | Research | Stone Mining |
| 10:26 | Create | Villager (Male) |
| 10:59 | Build | Market |
| 11:07 | Build | Market |
| 11:13 | Create | Villager (Male) |
| 11:38 | Build | Blacksmith |
| 11:55 | Build | Farm |
| 11:57 | Build | Farm |
| 12:21 | Build | Farm |
| 12:27 | Build | Farm |
| 12:30 | Build | Farm |
| 12:33 | Build | Farm |
| 12:35 | Build | Farm |
| 12:37 | Build | Farm |
| 12:45 | Build | Farm |
| 12:52 | Create | Villager (Male) |
| 12:56 | Build | Farm |
| 13:59 | Build | Market |
| 14:32 | Create | Villager (Male) |
| 14:59 | Create | Villager (Male) |
| 15:08 | Build | Farm |
| 15:18 | Build | Farm |
| 15:25 | Build | Farm |
| 15:31 | Build | Farm |
| 15:38 | Build | Farm |
| 15:39 | Create | Villager (Male) |
| 15:40 | Create | Villager (Male) |
| 15:40 | Create | Villager (Male) |
| 15:55 | Build | Farm |
| 16:01 | Create | Villager (Male) |
| 16:01 | Create | Villager (Male) |
| 16:01 | Create | Villager (Male) |
| 16:02 | Create | Villager (Male) |
| 16:02 | Create | Villager (Male) |
| 16:02 | Create | Villager (Male) |
| 16:13 | Build | House |
| 16:14 | Build | House |
| 16:15 | Build | House |
| 16:25 | Build | House |
| 17:07 | Build | Farm |
| 17:16 | Build | Farm |
| 18:12 | Build | Mining Camp |
| 18:18 | Research | Castle Age |
| 20:02 | Build | Stone Wall |
| 21:29 | Build | Lumber Camp |
| 22:04 | Age | Castle Age |
| 22:07 | Research | Hand Cart |
| 22:08 | Research | Town Patrol |
| 22:10 | Create | Villager (Male) |
| 22:11 | Create | Villager (Male) |
| 22:11 | Create | Villager (Male) |
| 22:12 | Create | Villager (Male) |
| 22:31 | Build | Town Center |
| 23:59 | Research | Bow Saw |
| 24:41 | Build | Farm |
| 25:01 | Build | Farm |
| 25:10 | Build | Farm |
| 25:24 | Build | Farm |
| 25:50 | Create | Villager (Male) |
| 25:51 | Create | Villager (Male) |
| 25:51 | Create | Villager (Male) |
| 25:51 | Create | Villager (Male) |
| 25:52 | Create | Villager (Male) |
| 26:21 | Build | Monastery |
| 26:32 | Build | University |
| 26:42 | Create | Villager (Male) |
| 26:42 | Create | Villager (Male) |
| 26:43 | Create | Villager (Male) |
| 26:43 | Create | Villager (Male) |
| 26:44 | Create | Villager (Male) |
| 26:51 | Build | Farm |
| 27:08 | Create | Villager (Male) |
| 27:09 | Create | Villager (Male) |
| 27:09 | Create | Villager (Male) |
| 27:09 | Create | Villager (Male) |
| 27:10 | Create | Villager (Male) |
| 27:10 | Create | Villager (Male) |
| 27:52 | Research | Imperial Age |
| 28:03 | Build | Mining Camp |
| 28:11 | Build | House |
| 28:12 | Build | House |
| 28:13 | Build | House |
| 28:14 | Build | House |
| 28:15 | Build | House |
| 28:16 | Build | House |
| 28:17 | Build | House |
| 28:18 | Build | House |
| 28:19 | Build | House |
| 28:20 | Build | House |
| 28:21 | Build | House |
| 28:22 | Build | House |
| 28:23 | Build | House |
| 28:42 | Create | Villager (Male) |
| 28:43 | Create | Villager (Male) |
| 28:43 | Create | Villager (Male) |
| 28:43 | Create | Villager (Male) |
| 28:44 | Create | Villager (Male) |
| 28:44 | Create | Villager (Male) |
| 28:44 | Create | Villager (Male) |
| 28:45 | Create | Villager (Male) |
| 28:45 | Create | Villager (Male) |
| 28:45 | Create | Villager (Male) |
| 28:46 | Create | Villager (Male) |
| 28:46 | Create | Villager (Male) |
| 28:46 | Create | Villager (Male) |
| 28:58 | Build | Town Center |
| 29:39 | Build | Stone Wall |
| 29:55 | Build | Stone Wall |
| 30:12 | Build | Stone Wall |
| 30:26 | Build | Stone Wall |
| 30:43 | Build | Stone Wall |
| 31:04 | Build | Mining Camp |
| 31:08 | Create | Monk |
| 31:18 | Research | Fortified Wall (upgrade) |
| 31:26 | Create | Villager (Male) |
| 31:26 | Create | Villager (Male) |
| 31:27 | Create | Villager (Male) |
| 31:27 | Create | Villager (Male) |
| 31:37 | Build | Mining Camp |
| 31:56 | Build | Mining Camp |
| 31:57 | Age | Imperial Age |
| 32:08 | Create | Trade Cart |
| 32:08 | Create | Trade Cart |
| 32:08 | Create | Trade Cart |
| 32:09 | Create | Trade Cart |
| 32:09 | Create | Trade Cart |
Build order — SandyRS
First 150 of 1690 actions detected
| 0:04 | Create | Villager (Male) |
| 0:04 | Create | Villager (Male) |
| 0:04 | Create | Villager (Male) |
| 0:06 | Build | House |
| 0:09 | Build | House |
| 0:16 | Build | Lumber Camp |
| 0:32 | Create | Villager (Male) |
| 0:32 | Create | Villager (Male) |
| 1:12 | Create | Villager (Male) |
| 1:12 | Create | Villager (Male) |
| 1:30 | Create | Villager (Male) |
| 1:38 | Build | Mill |
| 2:11 | Create | Villager (Male) |
| 2:18 | Create | Villager (Male) |
| 2:18 | Create | Villager (Male) |
| 2:29 | Build | House |
| 2:32 | Build | House |
| 2:41 | Create | Villager (Male) |
| 2:41 | Create | Villager (Male) |
| 3:19 | Create | Villager (Male) |
| 3:19 | Create | Villager (Male) |
| 3:52 | Create | Villager (Male) |
| 3:53 | Create | Villager (Male) |
| 4:24 | Create | Villager (Male) |
| 4:24 | Create | Villager (Male) |
| 4:44 | Create | Villager (Male) |
| 5:06 | Create | Villager (Male) |
| 5:44 | Create | Villager (Male) |
| 5:58 | Build | Mining Camp |
| 6:00 | Create | Villager (Male) |
| 6:31 | Create | Villager (Male) |
| 6:34 | Research | Feudal Age |
| 6:53 | Build | Mining Camp |
| 8:52 | Build | Farm |
| 8:53 | Build | Farm |
| 8:55 | Build | Farm |
| 8:55 | Build | Farm |
| 8:57 | Build | Farm |
| 9:00 | Build | Farm |
| 9:12 | Build | Farm |
| 9:14 | Build | Farm |
| 9:19 | Age | Feudal Age |
| 9:20 | Create | Villager (Male) |
| 9:21 | Create | Villager (Male) |
| 9:34 | Build | House |
| 9:38 | Build | House |
| 9:46 | Build | House |
| 9:47 | Build | House |
| 9:48 | Build | House |
| 9:50 | Build | House |
| 9:54 | Build | Farm |
| 10:07 | Create | Villager (Male) |
| 10:18 | Build | Farm |
| 10:31 | Research | Castle Age |
| 10:32 | Research | Castle Age |
| 10:50 | Research | Horse Collar |
| 11:11 | Research | Double-Bit Axe |
| 11:57 | Build | House |
| 11:58 | Build | House |
| 11:59 | Build | House |
| 12:01 | Build | House |
| 13:02 | Create | Villager (Male) |
| 13:03 | Create | Villager (Male) |
| 13:05 | Create | Villager (Male) |
| 13:05 | Create | Villager (Male) |
| 13:15 | Age | Castle Age |
| 13:20 | Build | Town Center |
| 13:31 | Build | Town Center |
| 13:49 | Build | Town Center |
| 13:51 | Create | Villager (Male) |
| 13:51 | Create | Villager (Male) |
| 14:31 | Build | House |
| 14:40 | Create | Villager (Male) |
| 14:46 | Create | Villager (Male) |
| 14:47 | Create | Villager (Male) |
| 14:49 | Create | Villager (Male) |
| 14:49 | Create | Villager (Male) |
| 14:55 | Create | Villager (Male) |
| 15:04 | Research | Wheelbarrow |
| 15:13 | Create | Villager (Male) |
| 15:14 | Create | Villager (Male) |
| 15:14 | Create | Villager (Male) |
| 15:25 | Build | Farm |
| 15:41 | Build | House |
| 15:42 | Build | House |
| 15:44 | Build | House |
| 15:45 | Build | House |
| 15:52 | Build | Farm |
| 15:52 | Create | Villager (Male) |
| 16:00 | Create | Villager (Male) |
| 16:01 | Create | Villager (Male) |
| 16:09 | Research | Loom |
| 16:14 | Research | Wheelbarrow |
| 16:14 | Create | Villager (Male) |
| 16:15 | Create | Villager (Male) |
| 16:18 | Build | Farm |
| 16:19 | Create | Villager (Male) |
| 16:21 | Create | Villager (Male) |
| 16:26 | Create | Villager (Male) |
| 16:29 | Create | Villager (Male) |
| 16:42 | Build | Farm |
| 16:46 | Create | Villager (Male) |
| 16:54 | Create | Villager (Male) |
| 17:10 | Create | Villager (Male) |
| 17:12 | Build | Farm |
| 17:13 | Create | Villager (Male) |
| 17:21 | Create | Villager (Male) |
| 17:30 | Create | Villager (Male) |
| 17:34 | Build | Farm |
| 17:42 | Create | Villager (Male) |
| 17:44 | Create | Villager (Male) |
| 17:49 | Build | House |
| 17:51 | Build | House |
| 17:52 | Build | House |
| 17:59 | Create | Villager (Male) |
| 18:03 | Create | Villager (Male) |
| 18:08 | Create | Villager (Male) |
| 18:10 | Build | Farm |
| 18:11 | Create | Villager (Male) |
| 18:26 | Create | Villager (Male) |
| 18:29 | Build | Farm |
| 18:30 | Create | Villager (Male) |
| 18:32 | Create | Villager (Male) |
| 18:45 | Build | Market |
| 18:51 | Build | Market |
| 18:52 | Build | Market |
| 18:54 | Build | Market |
| 18:57 | Build | Farm |
| 18:58 | Create | Villager (Male) |
| 18:58 | Create | Villager (Male) |
| 19:01 | Create | Villager (Male) |
| 19:01 | Create | Villager (Male) |
| 19:04 | Create | Villager (Male) |
| 19:12 | Create | Villager (Male) |
| 19:16 | Create | Villager (Male) |
| 19:16 | Create | Villager (Male) |
| 19:18 | Create | Villager (Male) |
| 19:20 | Build | Farm |
| 19:21 | Create | Villager (Male) |
| 19:33 | Build | House |
| 19:34 | Build | House |
| 19:35 | Build | House |
| 19:36 | Build | House |
| 19:37 | Build | House |
| 19:39 | Build | House |
| 19:40 | Build | House |
| 19:41 | Build | House |
| 19:43 | Build | Farm |
| 19:44 | Create | Villager (Male) |
| 19:51 | Research | Heavy Plow |
Build order — SummerREN84
First 150 of 380 actions detected
| 0:15 | Create | Villager (Male) |
| 0:17 | Create | Villager (Male) |
| 0:17 | Create | Villager (Male) |
| 0:17 | Create | Villager (Male) |
| 0:17 | Create | Villager (Male) |
| 0:17 | Create | Villager (Male) |
| 0:30 | Research | Loom |
| 1:42 | Build | Lumber Camp |
| 2:01 | Create | Villager (Male) |
| 2:17 | Create | Villager (Male) |
| 2:41 | Build | House |
| 2:41 | Build | House |
| 2:42 | Build | House |
| 2:42 | Build | House |
| 2:43 | Build | House |
| 3:05 | Create | Villager (Male) |
| 3:16 | Build | Mill |
| 3:40 | Create | Villager (Male) |
| 3:58 | Build | Mill |
| 4:39 | Create | Villager (Male) |
| 4:39 | Create | Villager (Male) |
| 5:04 | Create | Villager (Male) |
| 5:04 | Create | Villager (Male) |
| 5:47 | Create | Villager (Male) |
| 6:54 | Research | Feudal Age |
| 8:05 | Create | Villager (Male) |
| 8:05 | Create | Villager (Male) |
| 8:06 | Create | Villager (Male) |
| 8:06 | Create | Villager (Male) |
| 9:14 | Create | Villager (Male) |
| 9:14 | Create | Villager (Male) |
| 9:16 | Research | Wheelbarrow |
| 9:29 | Research | Horse Collar |
| 9:53 | Build | Mining Camp |
| 10:00 | Build | Blacksmith |
| 10:03 | Create | Villager (Male) |
| 10:15 | Research | Double-Bit Axe |
| 10:34 | Research | Gold Mining |
| 11:01 | Build | Market |
| 11:03 | Build | Market |
| 11:32 | Build | Farm |
| 11:35 | Build | Farm |
| 11:37 | Build | Farm |
| 12:00 | Build | Farm |
| 12:22 | Build | Farm |
| 12:28 | Create | Villager (Male) |
| 12:29 | Create | Villager (Male) |
| 13:20 | Build | Market |
| 13:30 | Build | Farm |
| 13:32 | Build | Farm |
| 13:40 | Build | Farm |
| 14:04 | Build | Farm |
| 14:23 | Build | House |
| 14:24 | Build | House |
| 14:25 | Build | House |
| 14:26 | Build | House |
| 14:27 | Build | House |
| 14:39 | Create | Villager (Male) |
| 14:40 | Create | Villager (Male) |
| 14:40 | Create | Villager (Male) |
| 14:40 | Create | Villager (Male) |
| 14:50 | Research | Stone Mining |
| 15:49 | Build | Farm |
| 15:51 | Build | Farm |
| 16:00 | Build | Farm |
| 16:18 | Create | Villager (Male) |
| 16:28 | Build | Farm |
| 16:45 | Research | Castle Age |
| 16:56 | Build | Mining Camp |
| 18:34 | Build | House |
| 18:34 | Build | House |
| 18:35 | Build | House |
| 18:36 | Build | House |
| 18:45 | Build | House |
| 18:47 | Build | House |
| 18:49 | Build | House |
| 18:50 | Build | House |
| 18:52 | Build | House |
| 19:40 | Research | Hand Cart |
| 19:41 | Create | Villager (Male) |
| 19:41 | Create | Villager (Male) |
| 19:41 | Create | Villager (Male) |
| 19:42 | Create | Villager (Male) |
| 19:42 | Create | Villager (Male) |
| 19:47 | Research | Heavy Plow |
| 19:50 | Research | Bow Saw |
| 20:15 | Create | Villager (Male) |
| 20:16 | Create | Villager (Male) |
| 20:37 | Build | Town Center |
| 20:45 | Create | Villager (Male) |
| 20:45 | Create | Villager (Male) |
| 20:45 | Create | Villager (Male) |
| 21:10 | Build | Town Center |
| 21:37 | Build | Monastery |
| 21:43 | Create | Villager (Male) |
| 21:43 | Create | Villager (Male) |
| 21:44 | Create | Villager (Male) |
| 22:13 | Research | Caravan |
| 22:14 | Research | Coinage |
| 22:29 | Create | Monk |
| 22:34 | Create | Monk |
| 22:43 | Build | University |
| 23:10 | Create | Villager (Male) |
| 23:10 | Create | Villager (Male) |
| 23:11 | Create | Villager (Male) |
| 23:11 | Create | Villager (Male) |
| 23:12 | Create | Villager (Male) |
| 23:12 | Create | Villager (Male) |
| 23:12 | Create | Villager (Male) |
| 23:41 | Build | Mining Camp |
| 23:45 | Create | Villager (Male) |
| 23:45 | Create | Villager (Male) |
| 23:46 | Create | Villager (Male) |
| 24:06 | Build | House |
| 24:07 | Build | House |
| 24:08 | Build | House |
| 24:09 | Build | House |
| 24:09 | Build | House |
| 24:10 | Build | House |
| 24:10 | Build | House |
| 24:11 | Build | House |
| 24:12 | Build | House |
| 24:13 | Build | House |
| 24:29 | Research | Gold Shaft Mining |
| 24:43 | Create | Trade Cart |
| 24:43 | Create | Trade Cart |
| 24:44 | Create | Trade Cart |
| 25:04 | Create | Villager (Male) |
| 25:04 | Create | Villager (Male) |
| 25:04 | Create | Villager (Male) |
| 25:05 | Create | Villager (Male) |
| 26:14 | Build | Town Center |
| 26:24 | Build | Lumber Camp |
| 26:37 | Build | Farm |
| 26:41 | Build | Farm |
| 26:44 | Build | Farm |
| 27:04 | Build | Town Center |
| 27:09 | Create | Villager (Male) |
| 27:09 | Create | Villager (Male) |
| 27:09 | Create | Villager (Male) |
| 27:10 | Create | Villager (Male) |
| 27:10 | Create | Villager (Male) |
| 27:10 | Create | Villager (Male) |
| 27:11 | Create | Villager (Male) |
| 27:11 | Create | Villager (Male) |
| 27:11 | Create | Villager (Male) |
| 27:12 | Create | Villager (Male) |
| 27:12 | Create | Villager (Male) |
| 27:12 | Create | Villager (Male) |
| 27:13 | Create | Villager (Male) |
Build order — Charro chino
First 150 of 1942 actions detected
| 0:02 | Create | Villager (Male) |
| 0:03 | Create | Villager (Male) |
| 0:03 | Create | Villager (Male) |
| 0:05 | Build | House |
| 0:09 | Build | House |
| 0:31 | Build | Lumber Camp |
| 0:35 | Create | Villager (Male) |
| 0:36 | Create | Villager (Male) |
| 1:12 | Create | Villager (Male) |
| 2:01 | Create | Villager (Male) |
| 2:01 | Create | Villager (Male) |
| 2:02 | Create | Villager (Male) |
| 2:16 | Build | Mill |
| 2:24 | Research | Loom |
| 2:48 | Create | Villager (Male) |
| 3:11 | Create | Villager (Male) |
| 3:41 | Create | Villager (Male) |
| 4:16 | Build | House |
| 4:25 | Create | Villager (Male) |
| 5:16 | Create | Villager (Male) |
| 5:17 | Create | Villager (Male) |
| 5:21 | Build | Lumber Camp |
| 5:54 | Create | Villager (Male) |
| 6:55 | Research | Feudal Age |
| 7:10 | Build | Mining Camp |
| 8:05 | Create | Villager (Male) |
| 8:06 | Create | Villager (Male) |
| 8:14 | Build | House |
| 9:05 | Age | Feudal Age |
| 9:15 | Build | Market |
| 9:20 | Build | Blacksmith |
| 9:33 | Create | Villager (Male) |
| 10:01 | Build | House |
| 10:25 | Research | Castle Age |
| 10:41 | Research | Double-Bit Axe |
| 10:42 | Research | Double-Bit Axe |
| 11:06 | Research | Horse Collar |
| 11:46 | Create | Villager (Male) |
| 11:46 | Create | Villager (Male) |
| 13:05 | Age | Castle Age |
| 13:11 | Build | Town Center |
| 13:21 | Build | Town Center |
| 13:26 | Research | Bow Saw |
| 13:36 | Research | Heavy Plow |
| 13:45 | Create | Villager (Male) |
| 13:46 | Create | Villager (Male) |
| 14:07 | Create | Villager (Male) |
| 14:14 | Build | Farm |
| 14:14 | Build | Farm |
| 14:14 | Build | Farm |
| 14:15 | Build | Farm |
| 14:28 | Build | Farm |
| 14:43 | Create | Villager (Male) |
| 14:43 | Create | Villager (Male) |
| 15:11 | Create | Villager (Male) |
| 15:12 | Create | Villager (Male) |
| 15:22 | Create | Villager (Male) |
| 15:32 | Create | Villager (Male) |
| 15:44 | Build | Town Center |
| 15:48 | Create | Villager (Male) |
| 15:51 | Create | Villager (Male) |
| 15:54 | Create | Villager (Male) |
| 15:54 | Create | Villager (Male) |
| 16:06 | Build | House |
| 16:07 | Build | House |
| 16:07 | Build | House |
| 16:08 | Build | House |
| 16:08 | Build | House |
| 16:08 | Build | House |
| 16:09 | Build | House |
| 16:09 | Build | House |
| 16:09 | Build | House |
| 16:10 | Build | House |
| 16:10 | Build | House |
| 16:11 | Build | House |
| 16:11 | Build | House |
| 16:14 | Create | Villager (Male) |
| 16:15 | Create | Villager (Male) |
| 16:23 | Build | Farm |
| 16:24 | Build | Farm |
| 16:31 | Create | Villager (Male) |
| 16:32 | Create | Villager (Male) |
| 16:42 | Create | Villager (Male) |
| 16:51 | Build | Farm |
| 17:03 | Build | Farm |
| 17:05 | Build | Farm |
| 17:05 | Build | Farm |
| 17:06 | Build | Farm |
| 17:07 | Build | Farm |
| 17:07 | Build | Farm |
| 17:08 | Build | Farm |
| 17:08 | Build | Farm |
| 17:10 | Create | Villager (Male) |
| 17:10 | Create | Villager (Male) |
| 17:11 | Create | Villager (Male) |
| 17:18 | Build | Farm |
| 17:19 | Build | Farm |
| 17:19 | Build | Farm |
| 17:19 | Build | Farm |
| 17:20 | Build | Farm |
| 17:20 | Build | Farm |
| 17:24 | Create | Villager (Male) |
| 17:24 | Create | Villager (Male) |
| 17:25 | Create | Villager (Male) |
| 17:32 | Create | Villager (Male) |
| 17:39 | Create | Villager (Male) |
| 17:43 | Build | Farm |
| 17:47 | Build | Farm |
| 17:51 | Build | Farm |
| 17:53 | Create | Villager (Male) |
| 18:05 | Create | Villager (Male) |
| 18:08 | Create | Villager (Male) |
| 18:13 | Build | Farm |
| 18:15 | Build | Farm |
| 18:16 | Build | Farm |
| 18:30 | Create | Villager (Male) |
| 18:30 | Create | Villager (Male) |
| 18:38 | Build | Farm |
| 18:38 | Build | Farm |
| 18:39 | Build | Farm |
| 18:39 | Build | Farm |
| 18:39 | Build | Farm |
| 18:40 | Build | Farm |
| 18:45 | Build | Farm |
| 18:53 | Build | Farm |
| 19:04 | Build | Farm |
| 19:05 | Create | Villager (Male) |
| 19:05 | Create | Villager (Male) |
| 19:06 | Create | Villager (Male) |
| 19:06 | Create | Villager (Male) |
| 19:16 | Build | Farm |
| 19:16 | Build | Farm |
| 19:18 | Build | Farm |
| 19:32 | Create | Villager (Male) |
| 19:32 | Create | Villager (Male) |
| 19:33 | Create | Villager (Male) |
| 19:33 | Create | Villager (Male) |
| 19:34 | Create | Villager (Male) |
| 19:34 | Create | Villager (Male) |
| 19:44 | Build | Farm |
| 19:50 | Build | Farm |
| 19:56 | Build | Lumber Camp |
| 20:00 | Create | Villager (Male) |
| 20:01 | Create | Villager (Male) |
| 20:01 | Create | Villager (Male) |
| 20:01 | Create | Villager (Male) |
| 20:08 | Build | House |
| 20:08 | Build | House |
| 20:09 | Build | House |
| 20:09 | Build | House |
Build order — Negrosaurio
First 150 of 229 actions detected
| 2:00 | Create | Villager (Male) |
| 2:00 | Create | Villager (Male) |
| 2:00 | Create | Villager (Male) |
| 2:01 | Create | Villager (Male) |
| 2:19 | Build | House |
| 2:20 | Build | House |
| 3:15 | Create | Villager (Male) |
| 3:15 | Create | Villager (Male) |
| 3:16 | Create | Villager (Male) |
| 3:39 | Build | Lumber Camp |
| 3:51 | Create | Villager (Male) |
| 4:18 | Create | Villager (Male) |
| 4:18 | Create | Villager (Male) |
| 4:18 | Create | Villager (Male) |
| 5:31 | Create | Villager (Male) |
| 5:32 | Create | Villager (Male) |
| 5:48 | Build | Mill |
| 5:54 | Create | Villager (Male) |
| 8:15 | Research | Feudal Age |
| 8:23 | Build | House |
| 8:24 | Build | House |
| 8:25 | Build | House |
| 8:26 | Build | House |
| 9:53 | Create | Villager (Male) |
| 9:53 | Create | Villager (Male) |
| 9:54 | Create | Villager (Male) |
| 9:54 | Create | Villager (Male) |
| 9:55 | Create | Villager (Male) |
| 9:55 | Create | Villager (Male) |
| 9:56 | Create | Villager (Male) |
| 9:57 | Create | Villager (Male) |
| 10:25 | Age | Feudal Age |
| 10:27 | Build | Mill |
| 10:48 | Build | Barracks |
| 10:59 | Build | Blacksmith |
| 18:56 | Create | Villager (Male) |
| 18:56 | Create | Villager (Male) |
| 18:56 | Create | Villager (Male) |
| 19:01 | Build | Archery Range |
| 19:03 | Build | Stable |
| 19:05 | Create | Villager (Male) |
| 19:06 | Create | Villager (Male) |
| 19:38 | Build | Market |
| 19:58 | Build | Market |
| 20:01 | Build | Market |
| 20:24 | Build | Lumber Camp |
| 20:26 | Create | Villager (Male) |
| 20:26 | Create | Villager (Male) |
| 20:26 | Create | Villager (Male) |
| 20:28 | Research | Double-Bit Axe |
| 21:26 | Build | Barracks |
| 21:28 | Build | Barracks |
| 21:34 | Build | Archery Range |
| 21:35 | Build | Archery Range |
| 22:02 | Create | Villager (Male) |
| 22:02 | Create | Villager (Male) |
| 22:39 | Build | Mining Camp |
| 23:02 | Create | Villager (Male) |
| 23:50 | Build | Farm |
| 23:51 | Build | Farm |
| 23:51 | Build | Farm |
| 23:51 | Build | Farm |
| 23:52 | Build | Farm |
| 23:52 | Build | Farm |
| 23:52 | Build | Farm |
| 23:52 | Build | Farm |
| 23:53 | Build | Farm |
| 24:05 | Build | Farm |
| 24:06 | Build | Farm |
| 24:06 | Build | Farm |
| 24:06 | Build | Farm |
| 24:07 | Build | Farm |
| 24:07 | Build | Farm |
| 25:03 | Build | Farm |
| 25:03 | Build | Farm |
| 25:03 | Build | Farm |
| 25:06 | Create | Villager (Male) |
| 25:20 | Build | House |
| 25:20 | Build | House |
| 25:20 | Build | House |
| 25:21 | Build | House |
| 25:21 | Build | House |
| 25:22 | Build | House |
| 25:25 | Build | House |
| 25:26 | Build | House |
| 25:26 | Build | House |
| 25:27 | Build | House |
| 25:27 | Build | House |
| 25:36 | Build | House |
| 25:37 | Build | House |
| 25:45 | Research | Castle Age |
| 26:18 | Create | Trade Cart ×3 |
| 26:53 | Build | Lumber Camp |
| 27:23 | Research | Horse Collar |
| 27:36 | Create | Villager (Male) |
| 27:37 | Create | Villager (Male) |
| 27:37 | Create | Villager (Male) |
| 27:37 | Create | Villager (Male) |
| 27:49 | Create | Trade Cart ×3 |
| 28:22 | Create | Trade Cart ×2 |
| 28:25 | Age | Castle Age |
| 28:46 | Build | Town Center |
| 29:02 | Create | Villager (Male) |
| 29:03 | Create | Villager (Male) |
| 29:11 | Build | Mining Camp |
| 29:40 | Build | University |
| 29:48 | Create | Trade Cart ×4 |
| 30:40 | Build | House |
| 30:40 | Build | House |
| 30:40 | Build | House |
| 30:41 | Build | House |
| 30:42 | Build | House |
| 31:07 | Build | Town Center |
| 31:12 | Create | Villager (Male) |
| 31:13 | Create | Villager (Male) |
| 31:13 | Create | Villager (Male) |
| 31:13 | Create | Villager (Male) |
| 31:14 | Create | Villager (Male) |
| 31:14 | Create | Villager (Male) |
| 31:14 | Create | Villager (Male) |
| 31:15 | Create | Villager (Male) |
| 31:15 | Create | Villager (Male) |
| 31:35 | Build | Monastery |
| 31:51 | Build | House |
| 31:52 | Build | House |
| 31:52 | Build | House |
| 31:55 | Build | House |
| 31:57 | Build | House |
| 32:04 | Research | Caravan |
| 32:19 | Research | Heavy Plow |
| 32:38 | Create | Monk |
| 32:46 | Research | Treadmill Crane |
| 32:48 | Research | Chemistry |
| 32:48 | Research | Ballistics |
| 33:00 | Create | Villager (Male) |
| 33:00 | Create | Villager (Male) |
| 33:01 | Create | Villager (Male) |
| 33:01 | Create | Villager (Male) |
| 33:01 | Create | Villager (Male) |
| 33:29 | Build | Siege Workshop |
| 33:32 | Build | Siege Workshop |
| 33:34 | Build | Siege Workshop |
| 33:55 | Build | House |
| 33:56 | Build | House |
| 33:56 | Build | House |
| 33:58 | Build | House |
| 34:00 | Build | House |
| 34:02 | Build | House |
| 34:03 | Build | House |
| 34:13 | Build | Barracks |
Build order — Dennis "Cutty" Wise
First 150 of 758 actions detected
| 0:04 | Create | Villager (Male) ×4 |
| 1:00 | Build | House |
| 1:03 | Build | House |
| 1:23 | Create | Villager (Male) |
| 1:30 | Build | Settlement |
| 2:00 | Create | Villager (Male) |
| 2:00 | Create | Villager (Male) |
| 3:16 | Create | Villager (Male) |
| 3:30 | Create | Villager (Male) |
| 3:55 | Build | Settlement |
| 4:04 | Create | Villager (Male) |
| 4:05 | Create | Villager (Male) |
| 4:29 | Create | Villager (Male) |
| 5:01 | Create | Villager (Male) |
| 5:01 | Create | Villager (Male) |
| 5:24 | Create | Villager (Male) |
| 5:49 | Build | Settlement |
| 6:20 | Build | Farm |
| 6:38 | Research | Feudal Age |
| 8:48 | Age | Feudal Age |
| 8:53 | Create | Villager (Male) |
| 8:53 | Create | Villager (Male) |
| 8:56 | Build | Market |
| 8:59 | Build | Blacksmith |
| 9:55 | Research | Castle Age |
| 10:37 | Research | Double-Bit Axe |
| 10:38 | Research | Horse Collar |
| 12:35 | Age | Castle Age |
| 12:37 | Create | Villager (Male) |
| 12:37 | Create | Villager (Male) |
| 12:38 | Create | Villager (Male) |
| 12:43 | Build | Town Center |
| 13:02 | Create | Villager (Male) |
| 13:19 | Create | Villager (Male) |
| 13:29 | Build | Town Center |
| 13:48 | Research | Bow Saw |
| 13:49 | Research | Heavy Plow |
| 13:58 | Build | Farm |
| 14:00 | Build | Farm |
| 14:01 | Build | Farm |
| 14:03 | Build | Farm |
| 14:06 | Build | Farm |
| 14:12 | Build | Farm |
| 14:18 | Build | Farm |
| 14:21 | Create | Villager (Male) |
| 14:33 | Create | Villager (Male) |
| 14:34 | Create | Villager (Male) |
| 14:43 | Build | Farm |
| 14:48 | Build | Farm |
| 14:49 | Build | Farm |
| 14:51 | Build | Farm |
| 14:58 | Create | Villager (Male) |
| 15:06 | Build | Farm |
| 15:07 | Build | Farm |
| 15:09 | Build | Farm |
| 15:13 | Create | Villager (Male) |
| 15:28 | Create | Villager (Male) |
| 15:49 | Build | Monastery |
| 15:51 | Build | House |
| 15:52 | Build | House |
| 15:54 | Build | House |
| 15:56 | Create | Villager (Male) |
| 15:57 | Create | Villager (Male) |
| 15:57 | Create | Villager (Male) |
| 16:08 | Build | House |
| 16:10 | Build | House |
| 16:11 | Build | House |
| 16:12 | Build | House |
| 16:17 | Create | Villager (Male) |
| 16:18 | Create | Villager (Male) |
| 16:19 | Create | Villager (Male) |
| 16:26 | Build | Farm |
| 16:29 | Build | Farm |
| 16:34 | Build | Farm |
| 16:37 | Create | Villager (Male) |
| 16:37 | Create | Villager (Male) |
| 16:47 | Build | Farm |
| 16:48 | Build | Farm |
| 16:50 | Create | Villager (Male) |
| 16:50 | Create | Villager (Male) |
| 16:51 | Create | Villager (Male) |
| 16:54 | Create | Monk |
| 17:02 | Create | Villager (Male) |
| 17:02 | Create | Villager (Male) |
| 17:14 | Build | House |
| 17:15 | Build | House |
| 17:16 | Build | House |
| 17:25 | Create | Villager (Male) |
| 17:25 | Create | Villager (Male) |
| 17:25 | Create | Villager (Male) |
| 17:33 | Build | Farm |
| 17:37 | Create | Villager (Male) |
| 17:43 | Build | Farm |
| 17:45 | Build | Farm |
| 17:46 | Build | Farm |
| 17:50 | Create | Villager (Male) |
| 17:51 | Create | Villager (Male) |
| 17:54 | Build | Farm |
| 17:57 | Build | Farm |
| 18:01 | Build | Farm |
| 18:07 | Create | Villager (Male) |
| 18:07 | Create | Villager (Male) |
| 18:12 | Build | Farm |
| 18:14 | Build | Farm |
| 18:16 | Build | Farm |
| 18:21 | Build | Farm |
| 18:23 | Create | Villager (Male) |
| 18:23 | Create | Villager (Male) |
| 18:27 | Build | Farm |
| 18:33 | Create | Villager (Male) |
| 18:33 | Create | Villager (Male) |
| 18:34 | Create | Villager (Male) |
| 18:37 | Build | Farm |
| 18:46 | Build | Farm |
| 18:51 | Create | Villager (Male) |
| 18:52 | Create | Villager (Male) |
| 18:52 | Create | Villager (Male) |
| 18:55 | Build | Farm |
| 19:22 | Create | Villager (Male) |
| 19:22 | Create | Villager (Male) |
| 19:22 | Create | Villager (Male) |
| 19:32 | Build | Town Center |
| 19:49 | Create | Villager (Male) |
| 19:49 | Create | Villager (Male) |
| 19:50 | Create | Villager (Male) |
| 19:58 | Research | Wheelbarrow |
| 20:00 | Create | Villager (Male) |
| 20:00 | Create | Villager (Male) |
| 20:01 | Create | Villager (Male) |
| 20:22 | Build | Town Center |
| 20:25 | Create | Villager (Male) |
| 20:26 | Create | Villager (Male) |
| 20:26 | Create | Villager (Male) |
| 20:44 | Create | Villager (Male) |
| 20:45 | Create | Villager (Male) |
| 20:45 | Create | Villager (Male) |
| 20:50 | Build | Farm |
| 21:02 | Build | Farm |
| 21:03 | Build | Farm |
| 21:05 | Build | Farm |
| 21:07 | Build | Farm |
| 21:09 | Create | Villager (Male) |
| 21:09 | Create | Villager (Male) |
| 21:12 | Build | Farm |
| 21:13 | Create | Villager (Male) |
| 21:14 | Create | Villager (Male) |
| 21:20 | Create | Villager (Male) |
| 21:20 | Create | Villager (Male) |
| 21:34 | Create | Villager (Male) |
| 21:34 | Create | Villager (Male) |
Match timeline
| 7:15 | ReDrUm87 · age_up feudal |
| 8:21 | hombremanosdecachorro · age_up feudal |
| 8:48 | Dennis "Cutty" Wise · age_up feudal |
| 9:05 | Charro chino · age_up feudal |
| 9:19 | SandyRS · age_up feudal |
| 10:17 | Charro chino · first_market_sell 100 wood |
| 10:18 | Charro chino · first_market_buy 100 food |
| 10:25 | Negrosaurio · age_up feudal |
| 10:48 | Negrosaurio · first_building Barracks |
| 12:35 | Dennis "Cutty" Wise · age_up castle |
| 13:05 | Charro chino · age_up castle |
| 13:15 | SandyRS · age_up castle |
| 15:49 | Dennis "Cutty" Wise · first_building Monastery |
| 16:30 | ReDrUm87 · first_building Barracks |
| 16:35 | SummerREN84 · first_market_buy 100 food |
| 18:07 | SHADY5094 · wall_segment Stone Wall x26 |
| 18:14 | ReDrUm87 · first_building Archery Range |
| 18:22 | ReDrUm87 · first_building Stable |
| 18:29 | SHADY5094 · wall_segment Stone Wall x26 |
| 19:01 | Negrosaurio · first_building Archery Range |
| 19:03 | Negrosaurio · first_building Stable |
| 19:11 | ReDrUm87 · first_market_buy 100 food |
| 20:02 | hombremanosdecachorro · wall_segment Stone Wall x138 |
| 21:25 | Charro chino · first_building Monastery |
| 21:37 | SummerREN84 · first_building Monastery |
| 22:04 | hombremanosdecachorro · age_up castle |
| 22:50 | SHADY5094 · wall_segment Stone Wall x41 |
| 23:36 | ReDrUm87 · age_up castle |
| 24:15 | ReDrUm87 · first_building Monastery |
| 24:28 | Dennis "Cutty" Wise · first_market_sell 100 food |
| 25:23 | SummerREN84 · first_market_sell 100 wood |
| 25:42 | Charro chino · first_building Castle |
| 25:47 | SHADY5094 · first_building Monastery |
| 26:21 | hombremanosdecachorro · first_building Monastery |
| 26:48 | Charro chino · wall_segment Stone Wall x219 |
| 28:21 | SandyRS · wall_segment Stone Wall x25 |
| 28:21 | SHADY5094 · wall_segment Stone Wall x53 |
| 28:25 | Negrosaurio · age_up castle |
| 28:26 | SandyRS · wall_segment Stone Wall x9 |
| 28:32 | SandyRS · wall_segment Stone Wall x19 |
| 28:48 | Charro chino · age_up imperial |
| 29:00 | Dennis "Cutty" Wise · age_up imperial |
| 29:12 | ReDrUm87 · first_building Siege Workshop |
| 29:31 | Charro chino · first_building Barracks |
| 29:33 | Dennis "Cutty" Wise · first_building Siege Workshop |
| 29:39 | hombremanosdecachorro · wall_segment Stone Wall x21 |
| 29:55 | hombremanosdecachorro · wall_segment Stone Wall x13 |
| 30:12 | hombremanosdecachorro · wall_segment Stone Wall x31 |
| 30:17 | Dennis "Cutty" Wise · first_building Castle |
| 30:25 | Charro chino · first_building Stable |
| 30:26 | hombremanosdecachorro · wall_segment Stone Wall x29 |
| 30:43 | hombremanosdecachorro · wall_segment Stone Wall x56 |
| 31:09 | Dennis "Cutty" Wise · first_building Barracks |
| 31:35 | Negrosaurio · first_building Monastery |
| 31:57 | hombremanosdecachorro · age_up imperial |
| 32:34 | ReDrUm87 · first_building Castle |
| 33:29 | Negrosaurio · first_building Siege Workshop |
| 33:31 | ReDrUm87 · wall_segment Stone Wall x8 |
| 33:35 | ReDrUm87 · wall_segment Stone Wall x5 |
| 33:36 | SandyRS · wall_segment Stone Wall x108 |
| 33:38 | ReDrUm87 · wall_segment Stone Wall x4 |
| 33:44 | ReDrUm87 · wall_segment Stone Wall x5 |
| 33:47 | ReDrUm87 · wall_segment Stone Wall x3 |
| 33:50 | ReDrUm87 · wall_segment Stone Wall x4 |
| 33:55 | ReDrUm87 · wall_segment Stone Wall x3 |
| 33:59 | ReDrUm87 · wall_segment Stone Wall x3 |
| 34:04 | ReDrUm87 · wall_segment Stone Wall x3 |
| 34:06 | ReDrUm87 · wall_segment Stone Wall x4 |
| 34:12 | ReDrUm87 · wall_segment Stone Wall x2 |
| 34:14 | ReDrUm87 · wall_segment Stone Wall x7 |
| 34:17 | SHADY5094 · first_building Siege Workshop |
| 34:21 | ReDrUm87 · wall_segment Stone Wall x3 |
| 34:23 | Negrosaurio · first_building Castle |
| 34:24 | ReDrUm87 · wall_segment Stone Wall x3 |
| 34:26 | ReDrUm87 · wall_segment Stone Wall x3 |
| 34:28 | ReDrUm87 · wall_segment Stone Wall x3 |
| 34:31 | ReDrUm87 · wall_segment Stone Wall x3 |
| 34:37 | ReDrUm87 · wall_segment Stone Wall x2 |
| 34:54 | ReDrUm87 · wall_segment Stone Wall x41 |
| 34:57 | ReDrUm87 · wall_segment Stone Wall x2 |
| 35:06 | ReDrUm87 · wall_segment Stone Wall x5 |
| 35:24 | ReDrUm87 · wall_segment Stone Wall x108 |
| 35:46 | hombremanosdecachorro · first_building Castle |
| 35:47 | SandyRS · first_building Stable |
| 35:53 | SHADY5094 · wall_segment Stone Wall x59 |
| 36:01 | SummerREN84 · wall_segment Stone Wall x50 |
| 36:27 | SandyRS · age_up imperial |
| 36:34 | SandyRS · first_building Castle |
| 36:39 | ReDrUm87 · wall_segment Stone Wall x47 |
| 36:41 | hombremanosdecachorro · wall_segment Stone Wall x13 |
| 36:54 | hombremanosdecachorro · wall_segment Stone Wall x22 |
| 37:08 | hombremanosdecachorro · wall_segment Stone Wall x27 |
| 37:22 | hombremanosdecachorro · wall_segment Stone Wall x24 |
| 37:28 | SummerREN84 · wall_segment Stone Wall x40 |
| 37:35 | hombremanosdecachorro · wall_segment Stone Wall x21 |
| 37:41 | Negrosaurio · wall_segment Stone Wall x14 |
| 37:45 | hombremanosdecachorro · wall_segment Stone Wall x4 |
| 37:47 | Negrosaurio · wall_segment Stone Wall x37 |
| 37:53 | Negrosaurio · wall_segment Stone Wall x6 |
| 37:59 | SummerREN84 · wall_segment Stone Wall x14 |
| 38:02 | Negrosaurio · wall_segment Stone Wall x9 |
| 38:05 | hombremanosdecachorro · wall_segment Stone Wall x25 |
| 38:11 | Negrosaurio · wall_segment Stone Wall x30 |
| 38:47 | Negrosaurio · age_up imperial |
| 38:48 | SummerREN84 · first_building Siege Workshop |
| 39:14 | SummerREN84 · first_building Barracks |
| 39:17 | Charro chino · first_building Archery Range |
| 39:40 | SummerREN84 · first_building Castle |
| 39:46 | SandyRS · first_building Siege Workshop |
| 40:21 | ReDrUm87 · age_up imperial |
| 40:34 | hombremanosdecachorro · wall_segment Stone Wall x36 |
| 40:40 | SummerREN84 · first_building Stable |
| 43:29 | Negrosaurio · resign |
| 43:46 | Charro chino · first_building Siege Workshop |
| 44:24 | hombremanosdecachorro · wall_segment Stone Wall x8 |
| 44:37 | hombremanosdecachorro · wall_segment Stone Wall x21 |
| 44:45 | SHADY5094 · first_building Barracks |
| 44:50 | hombremanosdecachorro · wall_segment Stone Wall x19 |
| 45:02 | hombremanosdecachorro · first_building Barracks |
| 45:37 | hombremanosdecachorro · first_building Siege Workshop |
| 45:44 | SHADY5094 · wall_segment Stone Wall x74 |
| 45:49 | ReDrUm87 · wall_segment Stone Wall x3 |
| 45:56 | ReDrUm87 · wall_segment Stone Wall x15 |
| 45:59 | ReDrUm87 · wall_segment Stone Wall x10 |
| 46:06 | ReDrUm87 · wall_segment Stone Wall x12 |
| 46:10 | ReDrUm87 · wall_segment Stone Wall x3 |
| 46:15 | SandyRS · wall_segment Stone Wall x25 |
| 46:19 | ReDrUm87 · wall_segment Stone Wall x10 |
| 46:30 | ReDrUm87 · wall_segment Stone Wall x27 |
| 46:35 | ReDrUm87 · wall_segment Stone Wall x2 |
| 46:41 | ReDrUm87 · wall_segment Stone Wall x7 |
| 46:47 | ReDrUm87 · wall_segment Stone Wall x4 |
| 46:50 | ReDrUm87 · wall_segment Stone Wall x4 |
| 47:02 | ReDrUm87 · wall_segment Stone Wall x25 |
| 49:18 | hombremanosdecachorro · first_building Stable |
| 51:14 | SHADY5094 · first_building Castle |
| 51:56 | SHADY5094 · first_building Archery Range |
| 52:05 | hombremanosdecachorro · first_building Archery Range |
| 52:44 | SHADY5094 · first_building Stable |
| 59:43 | Dennis "Cutty" Wise · first_market_buy 500 wood |
| 61:21 | Dennis "Cutty" Wise · wall_segment Stone Wall x1 |
| 63:05 | Dennis "Cutty" Wise · wall_segment Stone Wall x4 |
| 63:28 | Dennis "Cutty" Wise · wall_segment Stone Wall x1 |
| 64:42 | SHADY5094 · wall_segment Stone Wall x43 |
| 64:49 | SHADY5094 · wall_segment Stone Wall x9 |
| 64:56 | SHADY5094 · wall_segment Stone Wall x10 |
| 64:58 | SHADY5094 · wall_segment Stone Wall x4 |
| 73:02 | Dennis "Cutty" Wise · first_building Archery Range |
| 73:09 | SandyRS · first_market_sell 100 food |
| 78:37 | SHADY5094 · first_building Donjon |
| 79:32 | ReDrUm87 · wall_segment Stone Wall x4 |
| 79:38 | ReDrUm87 · wall_segment Stone Wall x13 |
| 80:05 | ReDrUm87 · wall_segment Stone Wall x186 |
| 95:24 | SHADY5094 · wall_segment Stone Wall x17 |
| 95:34 | SHADY5094 · first_market_buy 100 stone |
| 95:51 | SHADY5094 · wall_segment Stone Wall x10 |
| 95:58 | SHADY5094 · wall_segment Stone Wall x13 |
| 96:51 | SHADY5094 · wall_segment Stone Wall x12 |
| 98:24 | SHADY5094 · wall_segment Stone Wall x14 |
| 98:28 | SHADY5094 · wall_segment Stone Wall x15 |
| 101:08 | SHADY5094 · wall_segment Palisade Wall x16 |
| 104:27 | Charro chino · wall_segment Stone Wall x6 |
| 104:33 | Charro chino · wall_segment Stone Wall x5 |
| 104:35 | Charro chino · wall_segment Stone Wall x6 |
| 104:36 | Charro chino · wall_segment Stone Wall x9 |
| 104:38 | Charro chino · wall_segment Stone Wall x11 |
| 104:39 | Charro chino · wall_segment Stone Wall x12 |
| 104:41 | Charro chino · wall_segment Stone Wall x14 |
| 104:43 | Charro chino · wall_segment Stone Wall x11 |
| 104:44 | Charro chino · wall_segment Stone Wall x13 |
| 104:46 | Charro chino · wall_segment Stone Wall x10 |
| 128:45 | hombremanosdecachorro · first_market_sell 100 wood |
[ AI ANALYSIS · 1 CREDIT ]
What really happened in this match?
Wolo.gg analyzes every decision: build order, eco, micro, common mistakes by bracket. Personalized analysis on WhatsApp or Discord in 30 seconds.
Civ guide
Sicilians
Map guide
Michi
Perfil
Jugador #13789054